 Dungeon Crawl Stone Soup version 0.27.1-2-g3b301248ec (webtiles) character file.

Game seed: 6378967912688088201

79396 MisterFreud the Protected (level 15, 0/117 HPs)
             Began as a Gnoll Wanderer on Sept 22, 2021.
             Was the Champion of Okawaru.
             Slain by a +6 long sword (4 damage)
             ... on level 14 of the Dungeon.
             The game lasted 00:53:06 (29896 turns).

MisterFreud the Protected (Gnoll Wanderer)         Turns: 29896, Time: 00:53:06

Health: 0/117      AC: 30    Str: 13    XL:     15   Next: 63%
Magic:  29/29      EV: 14    Int: 15    God:    Okawaru [******]
Gold:   1385       SH: 13    Dex: 16    Spells: 29/34 levels left

rFire    + . .     SeeInvis .   b - +4 demon blade (elec)
rCold    . . .     Faith    .   c - +1 buckler
rNeg     + + .     Spirit   .   g - +7 scale mail of the Gate {rF+}
rPois    .         Reflect  +   I - +2 helmet
rElec    .         Harm     .   x - +0 cloak
rCorr    .         Rampage  .   V - +1 pair of gloves {Dex+3}
Will     +....                  Q - +1 pair of boots {Stlth+}
Stlth    ++++......             m - amulet of reflection
HPRegen  0.29/turn              L - ring "Gaostyel" {*Corrode rN++ Slay+4}
MPRegen  0.21/turn              Y - +4 ring of protection

@: no status effects
A: fangs 1, strong nose, distributed training
a: Renounce Religion, Heroism, Finesse


You were on level 14 of the Dungeon.
You worshipped Okawaru.
Okawaru was exalted by your worship.
You visited 2 branches of the dungeon, and saw 20 of its levels.

You collected 1385 gold pieces.

Inventory:

Hand Weapons
 a - a +4 morningstar of freezing
 b - a +4 demon blade of electrocution (weapon)
 z - a +1 vorpal double sword
 H - a +4 dagger of venom
Missiles
 d - 6 javelins
 l - 70 poisoned darts (quivered)
 A - 25 boomerangs
 S - 8 datura-tipped darts
 W - 3 boomerangs of dispersal
Armour
 c - a +1 buckler (worn)
 g - the +7 scale mail of the Gate (worn) {rF+}
   (You found it on level 5 of the Dungeon)

   rF:        It protects you from fire.
 x - a +0 cloak (worn)
 I - a +2 helmet (worn)
 Q - a +1 pair of boots of stealth (worn)
 V - a +1 pair of gloves of dexterity (worn)
Jewellery
 m - an amulet of reflection (around neck)
 q - a ring of wizardry
 y - a ring of poison resistance
 G - a ring of protection from fire
 L - the ring "Gaostyel" (left hand) {*Corrode rN++ Slay+4}
   (You found it on level 8 of the Dungeon)

   [ring of slaying]

   Slay:      It affects your accuracy & damage with ranged weapons and melee
   (+4).
   rN:        It greatly protects you from negative energy.
   *Corrode:  It may corrode you when you take damage.
 O - an amulet of the acrobat
 T - a ring of willpower
 Y - a +4 ring of protection (right hand)
Wands
 t - a wand of flame (10)
 u - a wand of iceblast (18)
 C - a wand of acid (30)
 D - a wand of polymorph (7)
 N - a wand of paralysis (19)
 P - a wand of charming (19)
Scrolls
 j - 4 scrolls of amnesia
 n - 2 scrolls of fear
 p - 2 scrolls of blinking
 s - 3 scrolls of enchant armour
 v - a scroll of teleportation
 F - a scroll of magic mapping
 J - a scroll of brand weapon
 M - a scroll of torment
Potions
 e - a potion of curing
 f - 4 potions of brilliance
 h - a potion of mutation {unknown}
 i - 3 potions of might
 k - a potion of cancellation
 o - 3 potions of ambrosia
 r - 2 potions of flight
 w - 7 potions of lignification
 B - a potion of invisibility
 U - 4 potions of heal wounds
 X - 2 potions of attraction {unknown}
Miscellaneous
 E - a phial of floods
 K - a box of beasts


   Skills:
 + Level 10.5 Fighting
 + Level 11.1 Short Blades
 + Level 10.2 Long Blades
 + Level 10.2 Axes
 + Level 11.1 Maces & Flails
 + Level 10.2 Polearms
 + Level 10.2 Staves
 + Level 10.2 Slings
 + Level 10.2 Bows
 + Level 10.2 Crossbows
 + Level 10.2 Throwing
 + Level 11.9 Armour
 + Level 10.2 Dodging
 + Level 10.2 Stealth
 + Level 10.5 Shields
 + Level 10.2 Unarmed Combat
 + Level 10.2 Spellcasting
 + Level 8.6 Conjurations
 + Level 8.6 Hexes
 + Level 8.6 Summonings
 + Level 8.6 Necromancy
 + Level 8.6 Translocations
 + Level 8.6 Transmutations
 + Level 8.6 Fire Magic
 + Level 8.6 Ice Magic
 + Level 8.6 Air Magic
 + Level 8.6 Earth Magic
 + Level 8.6 Poison Magic
 + Level 11.0 Invocations
 + Level 10.5 Evocations


You had 29 spell levels left.
You knew the following spells:

 Your Spells              Type           Power      Damage    Failure   Level
a - Ensorcelled Hibernat  Hex/Ice        66%        N/A       1%          2
b - Tukima's Dance        Hex            33%        N/A       2%          3

Your spell library contained the following spells:

 Spells                   Type           Power      Damage    Failure   Level
 Beastly Appendage        Tmut           66%        N/A       1%          1
 Corona                   Hex            36%        N/A       1%          1
 Magic Dart               Conj           100%       1d8       1%          1
 Shock                    Conj/Air       100%       1d9       1%          1
 Call Imp                 Summ           33%        N/A       1%          2
 Searing Ray              Conj           66%        3d5       1%          2
 Slow                     Hex            33%        N/A       1%          2
 Wereblood                Tmut           33%        N/A       1%          2
 Confusing Touch          Hex            33%        N/A       2%          3
 Gell's Gravitas          Tloc           16%        N/A       2%          3
 Mephitic Cloud           Conj/Pois/Air  33%        N/A       2%          3
 Spider Form              Tmut/Pois      16%        N/A       2%          3
 Swiftness                Air            33%        N/A       2%          3
 Teleport Other           Tloc           33%        N/A       2%          3
 Vampiric Draining        Necr           16%        2d8       2%          3
 Airstrike                Air            16%        N/A       9%          4
 Fulminant Prism          Conj/Hex       16%        3d11      9%          4
 Leda's Liquefaction      Hex/Erth       16%        N/A       9%          4
 Summon Ice Beast         Ice/Summ       33%        N/A       9%          4
 Alistair's Intoxication  Tmut/Pois      22%        N/A       24%         5
 Bolt of Magma            Conj/Fire/Erth 16%        4d9       24%         5
 Borgnjor's Vile Clutch   Necr/Erth      16%        N/A       24%         5
 Summon Mana Viper        Hex/Summ       33%        N/A       24%         5
 Dispersal                Tloc           16%        N/A       80%         6
 Eringya's Noxious Bog    Tmut/Pois      16%        N/A       80%         6
 Statue Form              Tmut/Erth      22%        N/A       80%         6
 Monstrous Menagerie      Summ           16%        N/A       100%        7


Dungeon Overview and Level Annotations

Branches:
Dungeon (14/15)            Temple (0/1) D:4            Lair (6/6) D:8
 Shoals (0/4) Lair:2       Spider (0/4) Lair:3        Slime (0/5) Lair:6
    Orc (0/2) D:9
 Vaults: D:13-14

Altars:
Ashenzari
Cheibriados
Fedhas
Nemelex Xobeh
Okawaru
Ru
Sif Muna
Wu Jian
Jiyva

Shops:
D:1 *   D:7 (   D:9 [[   D:11 *   D:12 [

Annotations:
D:7 3 runed translucent doors, kthxbai's ghost, novice BaIE
D:10 2 transporters
D:14 2 transporters, Xadghuem's ghost, adept GrEE
Lair:6 exclusion: 2 oklob plants


Innate Abilities, Weirdness & Mutations

You have very sharp teeth.
Your uncanny sense of smell can sniff out nearby items.
Your experience applies equally to all skills.


Message History

Two slime creatures merge to form a very large slime creature.
You block the slime creature's attack.
You slash the +6 long sword!
The +6 long sword is heavily damaged.
You block the +6 long sword's attack. You block the slime creature's attack.
The +6 long sword hits you but does no damage.
You miss the +6 long sword. You bite the +6 long sword.
The +6 long sword is severely damaged.
The +6 long sword hits you! The slime creature closely misses you.
Unknown command.
You closely miss the +6 long sword.
The +6 long sword is severely damaged.
You block the +6 long sword's attack.
Two slime creatures merge to form an enormous slime creature.
You barely miss the +6 long sword.
The +6 long sword is severely damaged.
The +6 long sword closely misses you.
You riposte.
You barely miss the +6 long sword.
The +6 long sword is severely damaged.
A tengu warrior comes into view. It is wielding a +0 battleaxe.
You barely miss the +6 long sword.
The +6 long sword is severely damaged.
The +6 long sword hits you but does no damage.
You block the +6 long sword's attack.
Unknown command.
You barely miss the +6 long sword.
The +6 long sword is severely damaged.
The tengu conjurer casts a spell at you.
The bolt of lightning hits the +6 long sword.
The +6 long sword completely resists.
The bolt of lightning misses you. The +6 long sword hits you.
The enormous slime creature hits you!!!
* * * LOW HITPOINT WARNING * * *
A manticore comes into view.
The slime creature quivers.
You are too injured to fight recklessly!
You are too injured to fight recklessly!
Unknown command.
The +6 long sword hits you but does no damage.
The +6 long sword hits you.
You die... ########....#Q.# #....#oy# §oy

#....######.#
#.....# .#O.## .
##.##.## .W..# $#
#.##..###OQO###..#
#.##....#####...#
#.##.#....©...#
#.##....@(J.##
#......###..#
##......####Q#
..........##J####
##......#.##c*..###
#......#.##C##...###
#.##.#.....Q...?...#
#. #.#.....H....$?.#
# #.#.....#$#C....#


You could see an orc knight, an enormous slime creature, a tengu warrior, 3
two-headed ogres, a moth of wrath (wandering), a tengu conjurer, a +6 long sword
and Xadghuem's ghost.

Vanquished Creatures
  Rupert (Lair:4)
  A fire dragon (Lair:6)
  Josephine (Lair:5)
  Snorg (D:13)
  5 hydras
  Erolcha (D:13)
  4 boulder beetles
  An ice dragon (Lair:3)
  A catoblepas (Lair:5)
  A centaur warrior (D:14)
  A death knight (D:11)
  3 two-headed ogres
  A tengu warrior (D:9)
  7 death yaks
  Nergalle (D:11)
  A fire crab (Lair:6)
  A swamp dragon (Lair:6)
  A lindwurm (Lair:4)
  A deep elf pyromancer (D:12)
  6 slime creatures
  A cyclops (D:12)
  3 black mambas
  3 manticores
  25 elephants
  A molten gargoyle (D:13)
  2 torpor snails
  6 cane toads
  4 rime drakes
  9 komodo dragons
  An unseen horror (D:12)
  A kobold demonologist (D:12)
  A yaktaur (shapeshifter) (D:9)
  A tengu conjurer (D:13)
  3 meliai (D:14)
  A hornet (shapeshifter) (D:9)
  2 trolls
  14 polar bears
  2 jumping spiders (Lair:3)
  A snapping turtle (Lair:2)
  16 dream sheep
  25 blink frogs
  3 raiju (Lair:6)
  2 shadows
  A wyvern (Lair:5)
  2 vampires
  5 wraiths
  49 yaks
  6 basilisks
  2 steam dragons
  A fire elemental (D:13)
  2 vampire mosquitoes (D:10)
  4 wargs (Lair:6)
  14 hell hounds
  19 water moccasins
  An acid dragon (D:13)
  12 black bears
  3 swamp drakes
  2 orc warriors
  2 ice beasts (D:7)
  4 sky beasts
  2 necrophages
  27 wolves
  6 centaurs
  2 ogres
  A kobold brigand (D:9)
  Blork the orc (D:5)
  16 bullfrogs
  A gnoll sergeant (D:12)
  6 scorpions
  A water moccasin zombie (D:6)
  A water moccasin skeleton (D:5)
  5 killer bees (D:9)
  5 howler monkeys
  11 wights
  An electric eel (Lair:2)
  2 bullfrog zombies (D:6)
  5 centaur zombies
  4 hounds (D:5)
  5 orc priests
  Crazy Yiuf (D:2)
  Jessica (D:3)
  Ijyb (D:4)
  3 iguanas
  9 orc wizards
  Robin (D:4)
  A howler monkey zombie (D:9)
  3 gnolls
  10 adders
  A shadow imp (D:5)
  An ufetubus (D:5)
  An adder skeleton (D:4)
  3 worms
  3 dart slugs (D:1)
  38 orcs
  10 ball pythons
  9 endoplasms
  14 giant cockroaches
  17 goblins
  9 hobgoblins
  9 jackals
  4 quokkas
  3 bats
  9 kobolds
  A quokka skeleton (D:4)
  4 rats
564 creatures vanquished.

Vanquished Creatures (collateral kills)
  2 two-headed ogres
  Urug (Lair:1)
3 creatures vanquished.

Vanquished Creatures (others)
  A cane toad (Lair:6)
  A rime drake (Lair:6)
  A komodo dragon (Lair:6)
  A blink frog (Lair:6)
  A yak (Lair:6)
  An acid dragon (Lair:6)
  A water moccasin (Lair:6)
  3 wolves (Lair:6)
  An iguana (Lair:6)
  2 bushes (Lair:6)
  72 fungi
  145 plants
230 creatures vanquished.

Grand Total: 797 creatures vanquished

Notes
Turn   | Place    | Note
-------+----------+-------------------------------------------
     0 | D:1      | MisterFreud the Gnoll Wanderer began the quest for the Orb.
     0 | D:1      | MisterFreud set off with the following items: a +0 hand
                  | axe, a +2 scale mail, a +0 buckler
     0 | D:1      | Reached XP level 1. HP: 17/17 MP: 1/1
   120 | D:1      | Reached XP level 2. HP: 11/23 MP: 2/2
   327 | D:1      | Found Picunica's General Store.
   601 | D:1      | Reached XP level 3. HP: 28/28 MP: 3/3
  1215 | D:2      | Reached skill level 1 in Invocations
  1273 | D:2      | Reached skill level 1 in Long Blades
  1273 | D:2      | Reached skill level 1 in Axes
  1273 | D:2      | Reached skill level 1 in Polearms
  1273 | D:2      | Reached skill level 1 in Staves
  1273 | D:2      | Reached skill level 1 in Slings
  1273 | D:2      | Reached skill level 1 in Bows
  1273 | D:2      | Reached skill level 1 in Crossbows
  1273 | D:2      | Reached skill level 1 in Throwing
  1273 | D:2      | Reached skill level 1 in Dodging
  1273 | D:2      | Reached skill level 1 in Stealth
  1273 | D:2      | Reached skill level 1 in Unarmed Combat
  1273 | D:2      | Reached skill level 1 in Spellcasting
  1289 | D:2      | Reached XP level 4. HP: 33/34 MP: 5/5
  1331 | D:2      | Found a faded altar of an unknown god.
  1378 | D:2      | Became a worshipper of Warmaster Okawaru
  1378 | D:2      | Reached * piety under Okawaru
  1596 | D:2      | Found a runed translucent door.
  1597 | D:2      | Noticed Crazy Yiuf
  1846 | D:2      | Found a shimmering blue altar of Sif Muna.
  2503 | D:3      | Reached skill level 1 in Conjurations
  2503 | D:3      | Reached skill level 1 in Hexes
  2503 | D:3      | Reached skill level 1 in Summonings
  2503 | D:3      | Reached skill level 1 in Necromancy
  2503 | D:3      | Reached skill level 1 in Translocations
  2503 | D:3      | Reached skill level 1 in Transmutations
  2503 | D:3      | Reached skill level 1 in Fire Magic
  2503 | D:3      | Reached skill level 1 in Ice Magic
  2503 | D:3      | Reached skill level 1 in Air Magic
  2503 | D:3      | Reached skill level 1 in Earth Magic
  2503 | D:3      | Reached skill level 1 in Poison Magic
  3226 | D:4      | Reached XP level 5. HP: 40/40 MP: 6/6
  3247 | D:4      | Noticed Ijyb
  3287 | D:4      | Killed Ijyb
  3913 | D:4      | Noticed Robin
  4082 | D:3      | Noticed Jessica
  4097 | D:3      | Killed Jessica
  4183 | D:3      | Reached XP level 6. HP: 47/47 MP: 8/8
  5124 | D:2      | Killed Crazy Yiuf
  5125 | D:2      | Reached skill level 5 in Short Blades
  5125 | D:2      | Reached skill level 5 in Maces & Flails
  5548 | D:4      | Killed Robin
  5598 | D:4      | Found a staircase to the Ecumenical Temple.
  5651 | D:5      | Entered Level 5 of the Dungeon
  5792 | D:5      | Found a sacrificial altar of Ru.
  6005 | D:5      | Noticed a sky beast
  6006 | D:5      | Noticed Blork the orc
  6025 | D:5      | Killed Blork the orc
  6026 | D:5      | Reached XP level 7. HP: 46/52 MP: 8/10
  6047 | D:5      | Identified the +7 scale mail of the Gate {rF+}
  6422 | D:5      | Found a snail-covered altar of Cheibriados.
  6551 | D:5      | Reached ** piety under Okawaru
  6552 | D:5      | Reached XP level 8. HP: 59/60 MP: 12/12
  8555 | D:6      | Reached XP level 9. HP: 66/66 MP: 14/14
  8572 | D:6      | Reached *** piety under Okawaru
  8996 | D:6      | Noticed a troll
  9019 | D:6      | Killed a troll
  9141 | D:6      | Reached skill level 5 in Fighting
  9141 | D:6      | Reached skill level 5 in Shields
  9141 | D:6      | Reached skill level 5 in Evocations
  9480 | D:6      | Found a blossoming altar of Fedhas.
  9481 | D:6      | Found an ornate altar of the Wu Jian Council.
  9579 | D:6      | Identified the -4 pair of gloves of Inaction {*Corrode rF+
                  | Str+8}
 10521 | D:7      | Reached skill level 5 in Invocations
 10954 | D:7      | Reached **** piety under Okawaru
 10960 | D:7      | Found Dol Rusm's Antique Weapon Emporium.
 11264 | D:7      | Received a gift from Okawaru
 11418 | D:7      | Reached XP level 10. HP: 74/74 MP: 17/17
 11618 | D:7      | Found a runed translucent gate.
 11618 | D:7      | Found a runed translucent gate.
 11619 | D:7      | Found a runed translucent gate.
 11619 | D:7      | Noticed kthxbai's ghost (novice BaIE)
 11807 | D:8      | Found a broken altar of Ashenzari.
 11849 | D:8      | Reached skill level 5 in Long Blades
 11849 | D:8      | Reached skill level 5 in Axes
 11849 | D:8      | Reached skill level 5 in Polearms
 11849 | D:8      | Reached skill level 5 in Staves
 11849 | D:8      | Reached skill level 5 in Slings
 11849 | D:8      | Reached skill level 5 in Bows
 11849 | D:8      | Reached skill level 5 in Crossbows
 11849 | D:8      | Reached skill level 5 in Throwing
 11849 | D:8      | Reached skill level 5 in Dodging
 11849 | D:8      | Reached skill level 5 in Stealth
 11849 | D:8      | Reached skill level 5 in Unarmed Combat
 11849 | D:8      | Reached skill level 5 in Spellcasting
 11868 | D:8      | Found a staircase to the Lair.
 11868 | D:8      | Identified the ring "Fonasaf" {Str+6 Int+5 Dex+2}
 11933 | D:8      | Identified the ring "Gaostyel" {*Corrode rN++ Slay+4}
 12043 | D:8      | Found a sparkling altar of Nemelex Xobeh.
 12192 | D:8      | Reached ***** piety under Okawaru
 12504 | D:9      | Found Anighu Oquwy's Antique Armour Shop.
 12823 | D:9      | Reached XP level 11. HP: 74/83 MP: 19/19
 12833 | D:9      | Found a staircase to the Orcish Mines.
 12835 | D:9      | Found Apiodd's Armour Shoppe.
 13115 | D:9      | Identified the +2 robe of Hadjma {rF- Int+5 Dex+4} (Okawaru
                  | gifted it to you on level 9 of the Dungeon)
 13115 | D:9      | Received a gift from Okawaru
 13116 | D:9      | Reached skill level 5 in Conjurations
 13116 | D:9      | Reached skill level 5 in Hexes
 13116 | D:9      | Reached skill level 5 in Summonings
 13116 | D:9      | Reached skill level 5 in Necromancy
 13116 | D:9      | Reached skill level 5 in Translocations
 13116 | D:9      | Reached skill level 5 in Transmutations
 13116 | D:9      | Reached skill level 5 in Fire Magic
 13116 | D:9      | Reached skill level 5 in Ice Magic
 13116 | D:9      | Reached skill level 5 in Air Magic
 13116 | D:9      | Reached skill level 5 in Earth Magic
 13116 | D:9      | Reached skill level 5 in Poison Magic
 13290 | D:8      | Noticed a tengu warrior
 13488 | D:9      | Killed a tengu warrior
 13645 | D:8      | Noticed a boulder beetle
 13675 | D:8      | Killed a boulder beetle
 13836 | D:10     | Entered Level 10 of the Dungeon
 13836 | D:10     | Found a transporter.
 13863 | D:10     | Found a transporter.
 14271 | D:10     | Noticed a two-headed ogre
 14289 | D:9      | Learned a level 2 spell: Ensorcelled Hibernation
 14293 | D:9      | Learned a level 3 spell: Tukima's Dance
 14308 | D:10     | Killed a two-headed ogre
 14506 | D:10     | Noticed a two-headed ogre
 14511 | D:10     | Killed a two-headed ogre
 14867 | D:11     | Found Simykhlirgh's Serpentskin Sales.
 14910 | D:11     | Noticed a boulder beetle
 14924 | D:11     | Killed a boulder beetle
 14924 | D:11     | Received a gift from Okawaru
 15179 | D:11     | Reached XP level 12. HP: 91/91 MP: 22/22
 15421 | D:11     | Noticed Nergalle
 15437 | D:11     | Killed Nergalle
 15785 | D:11     | Noticed a two-headed ogre
 15795 | D:11     | Killed a two-headed ogre
 16102 | Lair:1   | Entered Level 1 of the Lair of Beasts
 16395 | D:12     | Found Jucsawk's Armour Emporium.
 16396 | D:12     | Noticed a death knight
 16593 | Lair:1   | Noticed Urug
 16604 | Lair:1   | Killed Urug
 16754 | Lair:1   | Noticed a seven-headed hydra
 16763 | Lair:1   | Killed a seven-headed hydra
 17525 | Lair:2   | Reached skill level 10 in Armour
 17735 | Lair:2   | Received a gift from Okawaru
 18214 | Lair:2   | Reached XP level 13. HP: 70/98 MP: 24/24
 18684 | Lair:2   | Found a staircase to the Shoals.
 19038 | Lair:3   | Found a hole to the Spider Nest.
 19168 | Lair:3   | Received a gift from Okawaru
 19659 | Lair:3   | Reached ****** piety under Okawaru
 19890 | Lair:3   | Received a gift from Okawaru
 20044 | Lair:3   | Noticed an ice dragon
 20065 | Lair:3   | Killed an ice dragon
 20065 | Lair:3   | Received a gift from Okawaru
 20439 | Lair:3   | Received a gift from Okawaru
 21127 | Lair:4   | Noticed Rupert
 21142 | Lair:4   | Killed Rupert
 21510 | Lair:5   | Reached XP level 14. HP: 108/108 MP: 26/26
 21549 | Lair:5   | Received a gift from Okawaru
 21623 | Lair:5   | Reached skill level 10 in Short Blades
 21623 | Lair:5   | Reached skill level 10 in Maces & Flails
 22016 | Lair:5   | Received a gift from Okawaru
 23535 | Lair:6   | Entered Level 6 of the Lair of Beasts
 23535 | Lair:6   | Noticed Josephine
 23581 | Lair:6   | Received a gift from Okawaru
 23667 | Lair:5   | Reached skill level 10 in Invocations
 23935 | Lair:5   | Received a gift from Okawaru
 24174 | Lair:5   | Received a gift from Okawaru
 24392 | Lair:5   | Killed Josephine
 25305 | Lair:6   | Reached skill level 10 in Fighting
 25305 | Lair:6   | Reached skill level 10 in Shields
 25305 | Lair:6   | Reached skill level 10 in Evocations
 25708 | Lair:5   | Reached XP level 15. HP: 50/115 MP: 28/28
 26149 | Lair:6   | Found a staircase to the Slime Pits.
 26150 | Lair:6   | Found a viscous altar of Jiyva.
 26509 | Lair:6   | Received a gift from Okawaru
 27625 | D:11     | Reached skill level 10 in Long Blades
 27625 | D:11     | Reached skill level 10 in Axes
 27625 | D:11     | Reached skill level 10 in Polearms
 27625 | D:11     | Reached skill level 10 in Staves
 27625 | D:11     | Reached skill level 10 in Slings
 27625 | D:11     | Reached skill level 10 in Bows
 27625 | D:11     | Reached skill level 10 in Crossbows
 27625 | D:11     | Reached skill level 10 in Throwing
 27625 | D:11     | Reached skill level 10 in Dodging
 27625 | D:11     | Reached skill level 10 in Stealth
 27625 | D:11     | Reached skill level 10 in Unarmed Combat
 27625 | D:11     | Reached skill level 10 in Spellcasting
 28422 | D:13     | Noticed Snorg
 28431 | D:13     | Killed Snorg
 28930 | D:13     | Noticed Erolcha
 28940 | D:13     | Killed Erolcha
 29860 | D:14     | Found a transporter.
 29863 | D:14     | Found a transporter.
 29892 | D:14     | Noticed Xadghuem's ghost (adept GrEE)
 29894 | D:14     | HP: 3/117 [enormous slime creature (55)]
 29896 | D:14     | Slain by a +6 long sword

Illustrated notes

Levels and vault maps discovered:
D:1:      lemuel_arrival_hallway, layout_basic, serial_shops, shop
D:2:      layout_basic, basic_ecumenical_altar, basic_altar, grunt_ministairs_1,
          hangedman_abyss_or_decor_stabs, uniq_crazy_yiuf_cottage
D:3:      minmay_roachtagon, layout_basic, uniq_jessica
D:4:      minmay_octagon_keep, layout_basic, minmay_temple_entry_antechambers,
          uniq_ijyb, uniq_robin
D:5:      layout_loops_ring, lemuel_tele_altar, mainiacjoe_overflow_chevrons,
          guppyfry_early_orc_mine, uniq_blork_the_orc
D:6:      layout_rooms, gammafunk_temple_overflow_pools, minivault_5,
          kennysheep_cluttered_room
D:7:      layout_basic, ebering_ghost_rock_garden, serial_shops,
          nicolae_square_shop, grunt_ministairs_4, corner_web_ring
D:8:      cheibrodos_elevator_heist, layout_loops_cross,
          nemelex_diamond_rough_becter, ashenzari_altar_1,
          due_lair_maze_entry_diamond
D:9:      layout_roguey, orc_david_3, serial_shops, shop
D:10:     gammafunk_cloud_chamber, layout_irregular_city
D:11:     layout_loops_corners, minivault_24, guppyfry_shop_venom, uniq_nergalle
D:12:     layout_big_octagon, serial_co_window_serial, co_window_corner_a,
          co_window_of_opportunity_a, co_window_paths_a, co_window_corner_a,
          co_window_paths_a, co_window_broadway_c, co_window_broadway_a,
          co_window_2corner, co_window_broadway_a, co_window_unsneaky_path_a,
          co_window_broadway_c, glass_columns_a, glass_columns_a,
          glass_columns_a, glass_columns_a, glass_columns_a, serial_shops,
          nicolae_stop_n_shop_2
D:13:     layout_basic, kennysheep_windowed_goal, uniq_erolcha, uniq_snorg
D:14:     layout_loops_ring, erik_vaults_1, elyvilon_altar_1,
          gammafunk_ghost_wrathful_warriors, minivault_21
Lair:1:   layout_cave_pods, nicolae_volcano_entry_lava_flow, uniq_urug
Lair:2:   layout_small_grid, minmay_shoals_entry_hut
Lair:3:   dragon1_lemuel, layout_misc_corridors, spider_nest_entry_a
Lair:4:   kb_forest_paths, layout_hall_layers, serial_bayou_ford_a,
          beast_lair_carwin_7, uniq_rupert
Lair:5:   layout_layer_cave, infiniplex_staircase_pool_2
Lair:6:   hangedman_lair_caniforms_friends, layout_long_grid,
          guppyfry_lair_end_dragon, slime_altar_1, nicolae_lair_yak_garden,
          uniq_josephine

Skill      XL: |  1  2  3  4  5  6  7  8  9 10 11 12 13 14 15 |
---------------+----------------------------------------------+-----
Invocations    | 1 2 3 4 5 6 7 8 9 10 11 | 11.0
Long Blades    | 1 2 3 4 5 6 7 8 9 10 | 10.2
Axes           | 1 2 3 4 5 6 7 8 9 10 | 10.2
Polearms       | 1 2 3 4 5 6 7 8 9 10 | 10.2
Staves         | 1 2 3 4 5 6 7 8 9 10 | 10.2
Slings         | 1 2 3 4 5 6 7 8 9 10 | 10.2
Bows           | 1 2 3 4 5 6 7 8 9 10 | 10.2
Crossbows      | 1 2 3 4 5 6 7 8 9 10 | 10.2
Throwing       | 1 2 3 4 5 6 7 8 9 10 | 10.2
Dodging        | 1 2 3 4 5 6 7 8 9 10 | 10.2
Stealth        | 1 2 3 4 5 6 7 8 9 10 | 10.2
Unarmed Combat | 1 2 3 4 5 6 7 8 9 10 | 10.2
Spellcasting   | 1 2 3 4 5 6 7 8 9 10 | 10.2
Conjurations   | 1 2 3 4 5 6 7 8 |  8.6
Hexes          | 1 2 3 4 5 6 7 8 |  8.6
Summonings     | 1 2 3 4 5 6 7 8 |  8.6
Necromancy     | 1 2 3 4 5 6 7 8 |  8.6
Translocations | 1 2 3 4 5 6 7 8 |  8.6
Transmutations | 1 2 3 4 5 6 7 8 |  8.6
Fire Magic     | 1 2 3 4 5 6 7 8 |  8.6
Ice Magic      | 1 2 3 4 5 6 7 8 |  8.6
Air Magic      | 1 2 3 4 5 6 7 8 |  8.6
Earth Magic    | 1 2 3 4 5 6 7 8 |  8.6
Poison Magic   | 1 2 3 4 5 6 7 8 |  8.6
Fighting       | 3 4 5 6 7 8 9 10 | 10.5
Shields        | 3 4 5 6 7 8 9 10 | 10.5
Evocations     | 3 4 5 6 7 8 9 10 | 10.5
Short Blades   | 5 6 7 8 9 10 11 | 11.1
Maces & Flails | 5 6 7 8 9 10 11 | 11.1
Armour         | 7 8 9 10 11 | 11.9

Action                   |  1- 3 |  4- 6 |  7- 9 | 10-12 | 13-15 || total
-------------------------+-------+-------+-------+-------+-------++-------
Melee: Hand axe          |    30 |       |       |       |       ||    30
       Whip              |    88 |   429 |       |       |       ||   517
       Bite              |    12 |    45 |    64 |    72 |   161 ||   354
       Mace              |       |    96 |   633 |    18 |       ||   747
       Morningstar       |       |       |       |   549 |   510 ||  1059
       Dagger            |       |       |       |       |     8 ||     8
       Demon blade       |       |       |       |       |   618 ||   618
Throw: Dart              |     4 |     6 |     7 |     1 |     1 ||    19
 Cast: Tukima's Dance    |       |       |       |     9 |       ||     9
       Ensorcelled Hiber |       |       |       |     1 |       ||     1
Invok: Heroism           |       |     6 |     8 |     6 |     9 ||    29
       Finesse           |       |       |       |       |     2 ||     2
Evoke: Wand              |       |       |     1 |     1 |     2 ||     4
  Use: Scroll            |       |     4 |     9 |     3 |    10 ||    26
       Potion            |       |       |       |       |     8 ||     8
 Stab: Sleeping          |       |       |       |     4 |    13 ||    17
       Distracted        |       |       |       |     1 |     2 ||     3
       Paralysed         |       |       |       |       |     3 ||     3
       Confused          |       |       |       |       |     1 ||     1
Armor: Scale mail        |    44 |    23 |   260 |   226 |   456 ||  1009
       Chain mail        |       |   178 |     6 |       |       ||   184
Dodge: Dodged            |    41 |    86 |   228 |   262 |   668 ||  1285
Block: Buckler           |    11 |   176 |   310 |   340 |   681 ||  1518
       Reflection        |       |     4 |     7 |     4 |     3 ||    18
       Rpst.: Demon blade |       |       |       |       |    88 ||    88
